SL
GRAFTON MIDDIES @ NEW AMSTERDAM REPUBLICS
05/20/2023
 
TOP OF THE 1ST
Grafton Middies batting - Pitching for New Amsterdam Republics : RHP Bobby Swain
Pitching: RHP Bobby Swain
Batting: RHB Pedro Orozco 0-0: Called Strike
0-1: Ball
1-1: Swinging Strike
1-2: Ball
2-2: Foul Ball, location: 2F
2-2: Strikes out swinging
Batting: RHB Pedro Santos 0-0: Swinging Strike
0-1: Foul Ball, location: 2F
0-2: Foul Ball, location: 2F
0-2: Strikes out looking
Batting: RHB Scotty Anderson 0-0: Swinging Strike
0-1: DOUBLE (Flyball, 78D)
Batting: LHB Mario Ramos 0-0: Ball
1-0: Ball
2-0: Swinging Strike
2-1: Foul Ball, location: 2F
2-2: Foul Ball, location: 2F
2-2: Ball
3-2: Foul Ball, location: 2F
3-2: Base on Balls
Batting: RHB Wes Bradley 0-0: Called Strike
0-1: Ball
1-1: Ball
2-1: Foul Ball, location: 2F
2-2: SINGLE (Line Drive, 78S)
Scotty Anderson to third
Mario Ramos to second
Batting: RHB Nathan Boswell 0-0: Called Strike
0-1: Foul Ball, location: 2F
0-2: Strikes out swinging
Top of the 1st over - 0 run(s), 2 hit(s), 0 error(s), 3 left on base; Grafton 0 - New Amsterdam 0
BOTTOM OF THE 1ST
New Amsterdam Republics batting - Pitching for Grafton Middies : LHP Allen Yohemas
Pitching: LHP Allen Yohemas
Batting: RHB António Pérez 0-0: Ball
1-0: Called Strike
1-1: Called Strike
1-2: Ball
2-2: Foul Ball, location: 2F
2-2: Foul Ball, location: 2F
2-2: Foul Ball, location: 2F
2-2: Ground out 5-3 (Groundball, 5)
Batting: RHB Cory Hansen 0-0: Ball
1-0: Foul Ball, location: 2F
1-1: Foul Ball, location: 2F
1-2: Ball
2-2: Strikes out swinging
Batting: RHB Hank Wilder 0-0: DOUBLE (Line Drive, 8LD)
Batting: RHB Júlio Maldonado 0-0: Ball
1-0: Ball
2-0: Foul Ball, location: 2F
2-1: Swinging Strike
2-2: Ball
3-2: Base on Balls
Batting: RHB Luis Muńóz 0-0: Swinging Strike
0-1: Called Strike
0-2: Strikes out swinging
Bottom of the 1st over - 0 run(s), 1 hit(s), 0 error(s), 2 left on base; Grafton 0 - New Amsterdam 0
TOP OF THE 2ND
Grafton Middies batting - Pitching for New Amsterdam Republics : RHP Bobby Swain
Batting: RHB José Álvarez 0-0: Called Strike
0-1: Swinging Strike
0-2: Ball
1-2: Strikes out swinging
Batting: RHB Danny Hall 0-0: Ball
1-0: Ball
2-0: Ground out 6-3 (Groundball, 6S)
Batting: LHB Ramón Rivera 0-0: Ball
1-0: Called Strike
1-1: Foul Ball, location: 2F
1-2: Foul Ball, location: 2F
1-2: Ball
2-2: Foul Ball, location: 2F
2-2: Strikes out swinging
Top of the 2nd over - 0 run(s), 0 hit(s), 0 error(s), 0 left on base; Grafton 0 - New Amsterdam 0
BOTTOM OF THE 2ND
New Amsterdam Republics batting - Pitching for Grafton Middies : LHP Allen Yohemas
Batting: RHB Quincy van Enk 0-0: Fly out, F7 (Line Drive, 7S)
Batting: LHB Eric Ward 0-0: Called Strike
0-1: Ball
1-1: Ball
2-1: Foul Ball, location: 2F
2-2: Ball
3-2: Fly out, F7 (Flyball, 7S)
Batting: RHB Takeru Sanu 0-0: Called Strike
0-1: Ball
1-1: Ball
2-1: Foul Ball, location: 2F
2-2: Strikes out swinging
Bottom of the 2nd over - 0 run(s), 0 hit(s), 0 error(s), 0 left on base; Grafton 0 - New Amsterdam 0
TOP OF THE 3RD
Grafton Middies batting - Pitching for New Amsterdam Republics : RHP Bobby Swain
Batting: RHB Pedro Orozco 0-0: Called Strike
0-1: Swinging Strike
0-2: Ball
1-2: Ball
2-2: Strikes out swinging
Batting: RHB Pedro Santos 0-0: Foul Ball, location: 2F
0-1: Fly out, F4 (Popup, 4MD)
Batting: RHB Scotty Anderson 0-0: Called Strike
0-1: Ball
1-1: Ball
2-1: SINGLE (Flyball, 7S)
Batting: LHB Mario Ramos 0-0: Ball
1-0: SINGLE (Line Drive, 89S)
Scotty Anderson to second
Batting: RHB Wes Bradley 0-0: Ball
Wild Pitch!
Scotty Anderson to third
Mario Ramos to second
1-0: Foul Ball, location: 2F
1-1: Fly out, F7 (Flyball, 78M)
Top of the 3rd over - 0 run(s), 2 hit(s), 0 error(s), 2 left on base; Grafton 0 - New Amsterdam 0
BOTTOM OF THE 3RD
New Amsterdam Republics batting - Pitching for Grafton Middies : LHP Allen Yohemas
Batting: RHB Doug Reed 0-0: Foul Ball, location: 2F
0-1: Foul Ball, location: 2F
0-2: Ground out 2-3 (Groundball, 2R)
Batting: RHB António Pérez 0-0: SOLO HOME RUN (Flyball, 7LD), Distance : 359 ft
Batting: RHB Cory Hansen 0-0: Ball
1-0: Swinging Strike
1-1: Ball
2-1: Foul Ball, location: 2F
2-2: Ball
3-2: Strikes out swinging
Batting: RHB Hank Wilder 0-0: Called Strike
0-1: Swinging Strike
0-2: Strikes out swinging
Bottom of the 3rd over - 1 run(s), 1 hit(s), 0 error(s), 0 left on base; Grafton 0 - New Amsterdam 1
TOP OF THE 4TH
Grafton Middies batting - Pitching for New Amsterdam Republics : RHP Bobby Swain
Batting: RHB Nathan Boswell 0-0: Fly out, F9 (Flyball, 9M)
Batting: RHB José Álvarez 0-0: DOUBLE (Flyball, 89XD)
Batting: RHB Danny Hall 0-0: Ground out 6-3 (Groundball, 6)
Batting: LHB Ramón Rivera 0-0: Called Strike
0-1: Ball
1-1: Called Strike
1-2: Ball
2-2: Fly out, F9 (Flyball, 9M)
Top of the 4th over - 0 run(s), 1 hit(s), 0 error(s), 1 left on base; Grafton 0 - New Amsterdam 1
BOTTOM OF THE 4TH
New Amsterdam Republics batting - Pitching for Grafton Middies : LHP Allen Yohemas
Batting: RHB Júlio Maldonado 0-0: Ball
1-0: Foul Ball, location: 2F
1-1: Ball
2-1: Foul Ball, location: 2F
2-2: Foul Ball, location: 2F
2-2: Ball
3-2: Fly out, F8 (Flyball, 78XD)
Batting: RHB Luis Muńóz 0-0: Ball
1-0: Swinging Strike
1-1: Ball
2-1: Ball
3-1: Base on Balls
Batting: RHB Quincy van Enk 0-0: Ball
1-0: Ball
2-0: Fielders Choice at 2nd, 6-4 (Groundball, 6M)
Batting: LHB Eric Ward 0-0: Ball
1-0: Swinging Strike
1-1: Ball
2-1: Called Strike
2-2: Fly out, F7 (Flyball, 7S)
Bottom of the 4th over - 0 run(s), 0 hit(s), 0 error(s), 1 left on base; Grafton 0 - New Amsterdam 1
TOP OF THE 5TH
Grafton Middies batting - Pitching for New Amsterdam Republics : RHP Bobby Swain
Batting: RHB Pedro Orozco 0-0: Ball
1-0: Ball
2-0: Called Strike
2-1: Ball
3-1: Foul Ball, location: 2F
3-2: Strikes out looking
Batting: RHB Pedro Santos 0-0: Ball
1-0: Foul Ball, location: 2F
1-1: Ball
2-1: Ball
3-1: Called Strike
3-2: Fly out, F9 (Flyball, 9M)
Batting: RHB Scotty Anderson 0-0: Called Strike
0-1: Fly out, F5 (Popup, 56S)
Top of the 5th over - 0 run(s), 0 hit(s), 0 error(s), 0 left on base; Grafton 0 - New Amsterdam 1
BOTTOM OF THE 5TH
New Amsterdam Republics batting - Pitching for Grafton Middies : LHP Allen Yohemas
Batting: RHB Takeru Sanu 0-0: Fly out, F9 (Flyball, 89D)
Batting: RHB Doug Reed 0-0: Called Strike
0-1: Ball
1-1: DOUBLE (Flyball, 9D)
Batting: RHB António Pérez 0-0: Ball
1-0: Called Strike
1-1: Ball
2-1: SINGLE (Line Drive, 78S)
Doug Reed to third
Runner from 3rd tries for Home, SAFE, throw made home
António Pérez to second
Batting: RHB Cory Hansen 0-0: Ball
1-0: Hit by Pitch
Batting: RHB Hank Wilder 0-0: Grounds into double play, U6-3 (Groundball, 6M)
Bottom of the 5th over - 1 run(s), 2 hit(s), 0 error(s), 1 left on base; Grafton 0 - New Amsterdam 2
TOP OF THE 6TH
Grafton Middies batting - Pitching for New Amsterdam Republics : RHP Bobby Swain
Batting: LHB Mario Ramos 0-0: Called Strike
0-1: Called Strike
0-2: Ball
1-2: Strikes out looking
Batting: RHB Wes Bradley 0-0: Ball
1-0: Called Strike
1-1: Ball
2-1: Ball
3-1: DOUBLE (Flyball, 9LD)
Batting: RHB Nathan Boswell 0-0: Fly out, F9 (Flyball, 89M)
Batting: RHB José Álvarez 0-0: Ball
1-0: Ball
2-0: Called Strike
2-1: Ball
3-1: Foul Ball, location: 2F
3-2: Foul Ball, location: 2F
3-2: Fly out, F7 (Line Drive, 7M)
Top of the 6th over - 0 run(s), 1 hit(s), 0 error(s), 1 left on base; Grafton 0 - New Amsterdam 2
BOTTOM OF THE 6TH
New Amsterdam Republics batting - Pitching for Grafton Middies : LHP Allen Yohemas
Batting: RHB Júlio Maldonado 0-0: Swinging Strike
0-1: Ball
1-1: Foul Ball, location: 2F
1-2: Strikes out looking
Batting: RHB Luis Muńóz 0-0: Called Strike
0-1: Foul Ball, location: 2F
0-2: Strikes out swinging
Batting: RHB Quincy van Enk 0-0: Foul Ball, location: 2F
0-1: Called Strike
0-2: Foul Ball, location: 2F
0-2: Ball
1-2: Fly out, F9 (Flyball, 9S)
Bottom of the 6th over - 0 run(s), 0 hit(s), 0 error(s), 0 left on base; Grafton 0 - New Amsterdam 2
TOP OF THE 7TH
Grafton Middies batting - Pitching for New Amsterdam Republics : RHP Bobby Swain
Batting: RHB Danny Hall 0-0: Ball
1-0: Ball
2-0: Ball
3-0: Base on Balls
Pitching: LHP Michael Rondeau
Pinch Runner at 1st Stewart Ralston:
Batting: LHB Ramón Rivera 0-0: Ball
Stewart Ralston is caught stealing 2nd base
1-0: Called Strike
1-1: Swinging Strike
1-2: Ball
2-2: Strikes out swinging
Batting: RHB Pedro Orozco 0-0: Called Strike
0-1: Foul Ball, location: 2F
0-2: Ground out U3 (Groundball, 3S)
Top of the 7th over - 0 run(s), 0 hit(s), 0 error(s), 0 left on base; Grafton 0 - New Amsterdam 2
BOTTOM OF THE 7TH
New Amsterdam Republics batting - Pitching for Grafton Middies : LHP Allen Yohemas
Batting: LHB Eric Ward 0-0: Ball
1-0: Ball
2-0: Called Strike
2-1: Fly out, F7 (Flyball, 7D)
Batting: RHB Takeru Sanu 0-0: Swinging Strike
0-1: Ball
1-1: Ball
2-1: Ball
3-1: Fly out, F6 (Popup, 6D)
Batting: RHB Doug Reed 0-0: Ball
1-0: Swinging Strike
1-1: Foul Ball, location: 2F
1-2: Ball
2-2: Foul Ball, location: 2F
2-2: Foul Ball, location: 2F
2-2: Strikes out looking
Bottom of the 7th over - 0 run(s), 0 hit(s), 0 error(s), 0 left on base; Grafton 0 - New Amsterdam 2
TOP OF THE 8TH
Grafton Middies batting - Pitching for New Amsterdam Republics : LHP Michael Rondeau
Batting: RHB Pedro Santos 0-0: Called Strike
0-1: Called Strike
0-2: Fly out, F4 (Popup, 4MD)
Batting: RHB Scotty Anderson 0-0: Called Strike
0-1: Called Strike
0-2: Fly out, F1 (Popup, 23)
Batting: LHB Mario Ramos 0-0: Ball
1-0: Ball
2-0: Ball
3-0: Called Strike
3-1: Base on Balls
Pitching: RHP Decheng Sun
Batting: RHB Wes Bradley 0-0: Ball
1-0: Foul Ball, location: 2F
1-1: Fielders Choice at 2nd, U6 (Groundball, 6M)
Top of the 8th over - 0 run(s), 0 hit(s), 0 error(s), 1 left on base; Grafton 0 - New Amsterdam 2
BOTTOM OF THE 8TH
New Amsterdam Republics batting - Pitching for Grafton Middies : LHP Allen Yohemas
Batting: RHB António Pérez 0-0: SINGLE (Line Drive, 8LS)
Pitching: RHP Frank Morse
Batting: RHB Cory Hansen 0-0: Ball
António Pérez steals 2nd base
1-0: Fly out, F7 (Flyball, 78S)
Batting: RHB Hank Wilder 0-0: Ball
António Pérez steals 3rd base
1-0: Ball
2-0: Foul Ball, location: 2F
2-1: SINGLE (Line Drive, 9LM)
António Pérez scores
Batting: RHB Júlio Maldonado 0-0: Grounds into double play, 1-6-3 (Groundball, 13)
Bottom of the 8th over - 1 run(s), 2 hit(s), 0 error(s), 0 left on base; Grafton 0 - New Amsterdam 3
TOP OF THE 9TH
Grafton Middies batting - Pitching for New Amsterdam Republics : RHP Decheng Sun
Pitching: RHP Ramón Lara
Batting: RHB Nathan Boswell 0-0: Foul Ball, location: 2F
0-1: Ball
1-1: Foul Ball, location: 2F
1-2: Strikes out swinging
Batting: RHB José Álvarez 0-0: Bunted foul
0-1: Ball
1-1: Foul Ball, location: 2F
1-2: Foul Ball, location: 2F
1-2: Ball
2-2: Ball
3-2: Fly out, F8 (Line Drive, 8RM)
Batting: RHB Stewart Ralston 0-0: Called Strike
0-1: Ball
1-1: Called Strike
1-2: Strikes out swinging
Top of the 9th over - 0 run(s), 0 hit(s), 0 error(s), 0 left on base; Grafton 0 - New Amsterdam 3
This league is powered by Out of the Park Baseball, the baseball management simulation game for PC, Mac and Linux
Friday, July 8th, 2016 - OOTP Baseball 16.9 Build 39